 Dungeon Crawl Stone Soup version 0.25-a0-942-g87a53962fc (webtiles) character file.

Game seed: 12838575729601804202, levelgen mode: deterministic

18846 MisterFreud the Blocker (level 12, -4/145 HPs)
             Began as a Gnoll Fighter on May 7, 2020.
             Was an Elder of Ashenzari.
             Slain by Jorgrun
             ... wielding an uncursed staff of earth
              (5 damage)
             ... on level 12 of the Dungeon.
             The game lasted 00:29:44 (14839 turns).

MisterFreud the Blocker (Gnoll Fighter)            Turns: 14839, Time: 00:29:45

Health: -4/145     AC: 26    Str: 20    XL:     12   Next: 62%
Magic:  0/32       EV: -1    Int: 15    God:    Ashenzari [****..]
Gold:   518        SH: 14    Dex: 14    Spells: 25/25 levels left

rFire    . . .     SeeInvis +   a - +1 rapier (vorpal) (curse)
rCold    . . .     Gourm    .   c - +1 kite shield (curse)
rNeg     + + +     Faith    .   (armour currently unavailable)
rPois    +         Spirit   +   (helmet currently unavailable)
rElec    .         Reflect  .   (cloak currently unavailable)
rCorr    .         Harm     .   (gloves currently unavailable)
MR       .....     Clarity  +   (boots currently unavailable) Stlth ++++......NoTele +
                                X - amulet of guardian spirit
HPRegen  0.34/turn              w - ring of poison resistance
MPRegen  0.23/turn              b - ring of magical power

@: tree-form, grasped by roots, constricted
A: distributed training, strong nose
a: Curse Item, Scrying, Renounce Religion


You were on level 12 of the Dungeon.
You worshipped Ashenzari.
Ashenzari was greatly pleased with you.
You were very hungry.
You were a tree.
You visited 1 branch of the dungeon, and saw 12 of its levels.
You also visited: Gauntlet.

You collected 882 gold pieces.
You spent 364 gold pieces at shops.

Inventory:

Hand Weapons
 a - a cursed +1 vorpal rapier (weapon)
Missiles
 h - 16 javelins (quivered)
 Q - 10 boomerangs
 Z - 4 throwing nets
Armour
 c - a cursed +1 kite shield (worn)
 t - a +2 pair of gloves (melded)
 z - a +0 helmet (melded)
 D - a cursed +0 cloak (melded)
 P - a +1 pair of boots (melded)
 T - a +0 plate armour (melded)
Jewellery
 b - a ring of magical power (right branch)
 s - an uncursed amulet of regeneration
 w - a ring of poison resistance (left branch)
 y - an uncursed amulet of the acrobat
 A - an uncursed ring of protection from cold
 N - the ring "Konyal" {*Slow MP+9 Str+2 Int+5}
   (You took it off a wight on level 11 of the Dungeon)

   [ring of strength]

   It affects your strength (+2).
   It affects your intelligence (+5).
   It affects your magic capacity (+9).
   It may slow you when you take damage.
 W - an uncursed ring of stealth
 X - an amulet of guardian spirit (around neck)
Wands
 x - a wand of iceblast (3)
 B - a wand of acid (10)
 H - a wand of polymorph (5)
 K - a wand of paralysis (4)
 O - a wand of digging (8)
 V - a wand of flame (17)
Scrolls
 i - a scroll of amnesia
 l - a scroll of fog
 o - 2 scrolls of random uselessness
 p - 3 scrolls of magic mapping
 q - 2 scrolls of identify
 C - 2 scrolls of immolation
 F - 4 scrolls of remove curse
 G - 8 scrolls of teleportation
 I - 3 scrolls of enchant armour
 J - a scroll of summoning
 U - 2 scrolls of enchant weapon
Potions
 d - 8 potions of curing
 j - 2 potions of brilliance
 k - a potion of heal wounds
 m - 2 potions of lignification
 r - 3 potions of mutation
 u - 2 potions of cancellation
 v - a potion of resistance
 E - 3 potions of flight
 L - 2 potions of ambrosia
 M - 2 potions of magic
 R - 2 potions of haste
 Y - 2 potions of stabbing
Miscellaneous
 e - a box of beasts
 n - a phial of floods
Comestibles
 f - 24 rations


   Skills:
 + Level 9.9 Fighting
 + Level 8.7(12.1) Short Blades
 + Level 7.3 Long Blades
 + Level 7.3 Axes
 + Level 7.3 Maces & Flails
 + Level 7.3 Polearms
 + Level 7.3 Staves
 + Level 7.3 Slings
 + Level 7.3 Bows
 + Level 7.3 Crossbows
 + Level 7.3 Throwing
 + Level 9.9 Armour
 + Level 7.3 Dodging
 + Level 7.3 Stealth
 + Level 9.9(12.0) Shields
 + Level 7.3 Unarmed Combat
 + Level 7.3 Spellcasting
 + Level 6.1 Conjurations
 + Level 6.1 Hexes
 + Level 6.1 Charms
 + Level 6.1 Summonings
 + Level 6.1 Necromancy
 + Level 6.1 Translocations
 + Level 6.1 Transmutations
 + Level 6.1 Fire Magic
 + Level 6.1 Ice Magic
 + Level 6.1 Air Magic
 + Level 6.1 Earth Magic
 + Level 6.1 Poison Magic
 + Level 8.0 Invocations
 + Level 7.3 Evocations


You had 25 spell levels left.
You didn't know any spells.
Your spell library contained the following spells:

 Spells                   Type           Power        Failure   Level  Hunger
 Animate Skeleton         Necr           N/A          1%          1    None
 Apportation              Tloc           ###...       1%          1    None
 Corona                   Hex            ###....      1%          1    None
 Magic Dart               Conj           ###.         1%          1    None
 Summon Small Mammal      Summ           ###.         1%          1    None
 Blink                    Tloc           N/A          2%          2    None
 Call Imp                 Summ           ###.....     2%          2    None
 Ensorcelled Hibernation  Hex/Ice        ###...       2%          2    None
 Poisonous Vapours        Pois/Air       ###...       2%          2    None
 Slow                     Hex            ###.....     2%          2    None
 Confusing Touch          Hex            ###.....     4%          3    ##.....
 Conjure Flame            Conj/Fire      ###.....     4%          3    ##.....
 Dazzling Flash           Conj/Hex       ###...       4%          3    ##.....
 Mephitic Cloud           Conj/Pois/Air  ###.....     4%          3    ##.....
 Recall                   Summ/Tloc      N/A          4%          3    ##.....
 Tukima's Dance           Hex            ###.....     4%          3    ##.....
 Animate Dead             Necr           N/A          16%         4    ####...
 Borgnjor's Vile Clutch   Necr/Erth      ###.......   38%         5    #####..
 Death Channel            Necr           ###.......   93%         6    #######
 Freezing Cloud           Conj/Ice/Air   ###.......   93%         6    #######
 Simulacrum               Ice/Necr       ###.......   93%         6    #######
 Ring of Flames           Chrm/Fire      ###.......   100%        7    #######


Dungeon Overview and Level Annotations

Branches:
Dungeon (12/15)            Temple (0/1) D:4            Lair (0/6) D:10
Gauntlet (visited)
    Orc: D:9-12

Altars:
Ashenzari
Cheibriados
Elyvilon
Fedhas
Gozag
Kikubaaqudgha
Makhleb
Nemelex Xobeh
Okawaru
Ru
Sif Muna
Xom
The Shining One

Shops:
D:5 ?

Annotations:
D:12 Jorgrun


Innate Abilities, Weirdness & Mutations

Your experience applies equally to all skills.
((You have very sharp teeth.))
Your uncanny sense of smell can sniff out nearby items.


Message History

The grasping roots constrict you.
You hit Jorgrun but do no damage.
Jorgrun is almost dead.
You hit Jorgrun.
Jorgrun is almost dead.
You block Jorgrun's attack.
* * * LOW HITPOINT WARNING * * *
The grasping roots constrict you.
You hit Jorgrun.
Jorgrun is almost dead.
You hit Jorgrun.
Jorgrun is almost dead.
Jorgrun hits you with an uncursed staff of earth.
* * * LOW HITPOINT WARNING * * *
x2 The grasping roots constrict you!
You barely miss Jorgrun.
Jorgrun is almost dead.
Jorgrun hits you but does no damage. Jorgrun crushes you!
* * * LOW HITPOINT WARNING * * *
You die...

.....# #....# #..# .....# #....#
#..# *,, , .....# #....# #..# * ,
. , .....# #....# #..# * .. ,
.....# #....# #..# *,,... ##...#
#....# #..# .... , ##...# #....#
#..####.....
##...#####....######...........,
...............[♣g............. ,
#+####'###+#########...........**
#............. , #...........
#............. ,, #.#####..... ,
#.............,, ,∆#.# .....
#....)........< ,,,+.# * ....
#.............,, #.# *, ... ,
#.)..........., , ,#.# *, ...
#<............,,,,,* * ,, *


You could see Jorgrun.

Vanquished Creatures
  A minotaur (Gauntlet)
  Harold (D:8)
  A hydra (D:11)
  2 two-headed ogres (D:11)
  A tengu warrior (D:12)
  A sixfirhy (Gauntlet)
  4 ugly things
  A centaur zombie (D:11)
  A moth of wrath (Gauntlet)
  Joseph (D:7)
  2 centaur skeletons
  A tengu conjurer (D:12)
  Prince Ribbit (D:8)
  3 hippogriffs
  17 flying skulls (Gauntlet)
  Sigmund (D:3)
  A spriggan (D:8)
  4 yaks (D:10)
  A wraith (D:11)
  A wyvern (D:10)
  A vampire (D:10)
  2 hungry ghosts
  A basilisk (D:10)
  Menkaure (D:7)
  Edmund (D:3)
  A soldier ant (D:10)
  An acid dragon (D:11)
  A water moccasin (D:9)
  2 porcupines (D:10)
  Duvessa (D:5)
  2 orc warriors (D:11)
  3 ice beasts
  A necrophage (D:9)
  A phantom (D:9)
  2 centaurs
  2 sky beasts
  4 wolves (Gauntlet)
  7 ogres
  3 crocodiles (D:10)
  Blork the orc (D:5)
  2 big kobolds
  6 bullfrogs
  Dowan (D:5)
  2 scorpions (D:10)
  A killer bee (D:11)
  9 wights
  3 howler monkeys
  6 crimson imps
  2 bullfrog zombies (D:5)
  A bullfrog skeleton (D:8)
  4 jellies
  4 orc priests
  5 hounds
  9 orc wizards
  Crazy Yiuf (D:3)
  9 iguanas
  5 worker ants
  A killer bee zombie (D:9)
  2 hound zombies
  A hound skeleton (D:11)
  2 worker ant zombies
  Robin (D:2)
  4 gnolls
  7 adders
  3 ufetubi (Gauntlet)
  An ooze (D:2)
  An adder zombie (D:9)
  2 adder skeletons (D:4)
  A worm (D:2)
  3 dart slugs
  5 leopard geckos
  30 orcs
  A ball python (D:3)
  6 bats
  9 giant cockroaches
  15 goblins
  9 hobgoblins
  5 jackals
  2 quokkas
  6 frilled lizards
  14 kobolds
  A leopard gecko skeleton (D:4)
  6 rats
  A fungus (D:3)
293 creatures vanquished.

Vanquished Creatures (others)
  An orc wizard (D:3)
  3 plants (D:10)
  4 toadstools (D:1)
8 creatures vanquished.

Grand Total: 301 creatures vanquished

Notes
Turn   | Place    | Note
-------+----------+-------------------------------------------
     0 | D:1      | MisterFreud the Gnoll Fighter began the quest for the Orb.
     0 | D:1      | Reached XP level 1. HP: 23/23 MP: 1/1
    89 | D:1      | Reached XP level 2. HP: 29/29 MP: 2/2
   496 | D:1      | Reached XP level 3. HP: 35/35 MP: 3/3
   871 | D:2      | Reached skill level 1 in Invocations
   879 | D:2      | Found a shattered altar of Ashenzari.
   896 | D:2      | Became a worshipper of Ashenzari the Shackled
   951 | D:2      | Reached skill level 1 in Long Blades
   951 | D:2      | Reached skill level 1 in Axes
   951 | D:2      | Reached skill level 1 in Maces & Flails
   951 | D:2      | Reached skill level 1 in Polearms
   951 | D:2      | Reached skill level 1 in Staves
   951 | D:2      | Reached skill level 1 in Slings
   951 | D:2      | Reached skill level 1 in Bows
   951 | D:2      | Reached skill level 1 in Crossbows
   951 | D:2      | Reached skill level 1 in Throwing
   951 | D:2      | Reached skill level 1 in Dodging
   951 | D:2      | Reached skill level 1 in Stealth
   951 | D:2      | Reached skill level 1 in Unarmed Combat
   951 | D:2      | Reached skill level 1 in Spellcasting
   951 | D:2      | Reached skill level 1 in Evocations
   991 | D:2      | Reached XP level 4. HP: 41/41 MP: 5/5
   999 | D:2      | Noticed Robin
  1478 | D:3      | Reached skill level 1 in Conjurations
  1478 | D:3      | Reached skill level 1 in Hexes
  1478 | D:3      | Reached skill level 1 in Charms
  1478 | D:3      | Reached skill level 1 in Summonings
  1478 | D:3      | Reached skill level 1 in Necromancy
  1478 | D:3      | Reached skill level 1 in Translocations
  1478 | D:3      | Reached skill level 1 in Transmutations
  1478 | D:3      | Reached skill level 1 in Fire Magic
  1478 | D:3      | Reached skill level 1 in Ice Magic
  1478 | D:3      | Reached skill level 1 in Air Magic
  1478 | D:3      | Reached skill level 1 in Earth Magic
  1478 | D:3      | Reached skill level 1 in Poison Magic
  1771 | D:3      | Found a sacrificial altar of Ru.
  1788 | D:3      | Reached XP level 5. HP: 33/47 MP: 6/6
  1985 | D:2      | Killed Robin
  2181 | D:2      | Found an iron altar of Okawaru.
  2181 | D:2      | Found a shimmering blue altar of Sif Muna.
  2475 | D:3      | Noticed Sigmund
  2489 | D:3      | Killed Sigmund
  2489 | D:3      | Reached XP level 6. HP: 50/53 MP: 8/8
  2684 | D:3      | Reached skill level 5 in Short Blades
  2929 | D:3      | Found a runed translucent door.
  2930 | D:3      | Noticed Crazy Yiuf
  2937 | D:3      | Killed Crazy Yiuf
  3018 | D:4      | Noticed Edmund
  3034 | D:3      | Killed Edmund
  3034 | D:3      | Reached XP level 7. HP: 4/60 MP: 10/10
  3462 | D:4      | Reached * piety under Ashenzari
  3536 | D:4      | Found a staircase to the Ecumenical Temple.
  4201 | D:4      | Reached XP level 8. HP: 57/67 MP: 12/12
  4415 | D:4      | Found a blossoming altar of Fedhas.
  4451 | D:5      | Entered Level 5 of the Dungeon
  4906 | D:5      | Noticed Duvessa
  4906 | D:5      | Noticed Dowan
  4912 | D:5      | Killed Duvessa
  4916 | D:5      | Killed Dowan
  5062 | D:5      | Noticed Blork the orc
  5068 | D:5      | Killed Blork the orc
  5480 | D:5      | Found Wauhum's Magic Scroll Shoppe.
  5489 | D:5      | Bought a scroll of teleportation for 42 gold pieces
  5489 | D:5      | Bought a scroll of remove curse for 42 gold pieces
  5975 | D:6      | Reached ** piety under Ashenzari
  6050 | D:6      | Found a white marble altar of Elyvilon.
  6078 | D:6      | Found an opulent altar of Gozag.
  6080 | D:6      | Found a snail-covered altar of Cheibriados.
  6365 | D:7      | Found a sacrificial altar of Ru.
  6410 | D:7      | Noticed Menkaure
  6422 | D:7      | Killed Menkaure
  6725 | D:7      | Reached XP level 9. HP: 72/72 MP: 14/14
  6767 | D:7      | Identified the +2 falchion "Xirihon" {vorpal, rF+ rN++}
  7012 | D:7      | Noticed Joseph
  7020 | D:7      | Killed Joseph
  7546 | D:5      | Bought a scroll of brand weapon for 280 gold pieces
  7785 | D:8      | Reached *** piety under Ashenzari
  7791 | D:8      | Noticed Prince Ribbit
  7803 | D:8      | Killed Prince Ribbit
  8026 | D:8      | Noticed Harold
  8053 | D:8      | Killed Harold
  8053 | D:8      | Reached skill level 5 in Invocations
  8053 | D:8      | Reached XP level 10. HP: 55/80 MP: 0/17
  8757 | D:9      | Reached skill level 5 in Long Blades
  8757 | D:9      | Reached skill level 5 in Axes
  8757 | D:9      | Reached skill level 5 in Maces & Flails
  8757 | D:9      | Reached skill level 5 in Polearms
  8757 | D:9      | Reached skill level 5 in Staves
  8757 | D:9      | Reached skill level 5 in Slings
  8757 | D:9      | Reached skill level 5 in Bows
  8757 | D:9      | Reached skill level 5 in Crossbows
  8757 | D:9      | Reached skill level 5 in Throwing
  8757 | D:9      | Reached skill level 5 in Dodging
  8757 | D:9      | Reached skill level 5 in Stealth
  8757 | D:9      | Reached skill level 5 in Unarmed Combat
  8757 | D:9      | Reached skill level 5 in Spellcasting
  8757 | D:9      | Reached skill level 5 in Evocations
  8878 | D:9      | Found an ancient bone altar of Kikubaaqudgha.
  9629 | D:9      | Noticed a purple ugly thing
  9668 | D:9      | Killed a purple ugly thing
 10066 | D:9      | Found a sparkling altar of Nemelex Xobeh.
 10068 | D:9      | Found a sacrificial altar of Ru.
 10068 | D:9      | Found a glowing golden altar of the Shining One.
 10070 | D:9      | Found a shattered altar of Ashenzari.
 10070 | D:9      | Found a snail-covered altar of Cheibriados.
 10070 | D:9      | Found a shimmering altar of Xom.
 10142 | D:10     | Entered Level 10 of the Dungeon
 10205 | D:10     | Reached **** piety under Ashenzari
 10911 | D:10     | Found a staircase to the Lair.
 10979 | D:10     | Reached XP level 11. HP: 35/87 MP: 14/19
 11921 | D:11     | Noticed a purple ugly thing
 11931 | D:11     | Noticed a two-headed ogre
 11969 | D:11     | Killed a two-headed ogre
 11969 | D:11     | Reached skill level 5 in Conjurations
 11969 | D:11     | Reached skill level 5 in Hexes
 11969 | D:11     | Reached skill level 5 in Charms
 11969 | D:11     | Reached skill level 5 in Summonings
 11969 | D:11     | Reached skill level 5 in Necromancy
 11969 | D:11     | Reached skill level 5 in Translocations
 11969 | D:11     | Reached skill level 5 in Transmutations
 11969 | D:11     | Reached skill level 5 in Fire Magic
 11969 | D:11     | Reached skill level 5 in Ice Magic
 11969 | D:11     | Reached skill level 5 in Air Magic
 11969 | D:11     | Reached skill level 5 in Earth Magic
 11969 | D:11     | Reached skill level 5 in Poison Magic
 11975 | D:11     | Killed a purple ugly thing
 12022 | D:11     | Noticed a two-headed ogre
 12043 | D:11     | Killed a two-headed ogre
 12063 | D:11     | Noticed an eight-headed hydra
 12074 | D:11     | Found a gate leading to a gauntlet.
 12083 | Gauntlet | Entered a Gauntlet
 12083 | Gauntlet | Found a transporter.
 12083 | Gauntlet | Found a transporter.
 12087 | Gauntlet | Noticed a sixfirhy
 12297 | Gauntlet | Found a transporter.
 12300 | Gauntlet | Found a transporter.
 12301 | Gauntlet | Found a transporter.
 12301 | Gauntlet | Found a transporter.
 12303 | Gauntlet | Noticed a moth of wrath
 12334 | Gauntlet | Killed a sixfirhy
 12478 | Gauntlet | Identified the +11 dagger of Mutilation {flame, rPois rF+
                  | Str-4}
 12484 | Gauntlet | Found a transporter.
 12502 | Gauntlet | Killed a moth of wrath
 12505 | Gauntlet | Found a transporter.
 12570 | Gauntlet | Found a transporter.
 12570 | Gauntlet | Found a transporter.
 12706 | Gauntlet | Reached XP level 12. HP: 45/96 MP: 21/22
 12708 | Gauntlet | Found a transporter.
 13018 | Gauntlet | Found a transporter.
 13047 | Gauntlet | Noticed a minotaur
 13074 | Gauntlet | Killed a minotaur
 13419 | D:11     | Killed an eight-headed hydra
 13584 | D:11     | Found a burning altar of Makhleb.
 13839 | D:11     | Identified the +8 war axe of Ragrips {freeze, *Drain rN++
                  | Stlth+}
 13839 | D:11     | Identified the ring "Konyal" {*Slow MP+9 Str+2 Int+5}
 13966 | D:11     | Identified the +0 plate armour of Doteif {rF- Dex+3}
 14739 | D:12     | Noticed a tengu warrior
 14770 | D:12     | Killed a tengu warrior
 14775 | D:12     | Noticed Jorgrun
 14833 | D:12     | HP: 6/145 [Jorgrun/uncursed staff of earth (4)]
 14839 | D:12     | HP: 1/145 [Jorgrun/uncursed staff of earth (10)]
 14839 | D:12     | Slain by Jorgrun

Levels and vault maps discovered:
D:1:      ldierk_water_garden, layout_basic, nrook_campfire
D:2:      layout_rooms, lemuel_doored_altar, gammafunk_temple_overflow_statue,
          uniq_robin
D:3:      layout_loops_ring, old_standard_altar, kennysheep_generic_room_12,
          uniq_sigmund, uniq_crazy_yiuf_cottage
D:4:      layout_basic, fedhas_altar_4, minmay_temple_entry_enclosed_plants,
          minmay_joined_circles, uniq_edmund
D:5:      layout_basic, first_ration, serial_shops, shop, hex_large,
          uniq_duvessa, uniq_blork_the_orc
D:6:      layout_rooms, elyvilon_altar_3, nicolae_overflow_hidden_temple
D:7:      layout_gridville, nicolae_ru_awakened_eye, uniq_joseph, uniq_menkaure
D:8:      layout_basic, the_bakery, uniq_prince_ribbit1, uniq_harold
D:9:      layout_long_grid, doesnt_xom_only_xom, nicolae_overflow_crystal_walls,
          minmay_checkerbox
D:10:     layout_loops_corners, minmay_lair_entry_grove
D:11:     minmay_the_grid_square_5x5_4x4_mashed
          [minmay_the_grid_square_5x5_tri_point,
          minmay_the_grid_square_5x5_fancy_junction,
          minmay_the_grid_square_5x5_hourglass,
          minmay_the_grid_square_5x5_shrine1,
          minmay_the_grid_square_5x5_checkered_statues,
          minmay_the_grid_square_5x5_prize_waves,
          minmay_the_grid_square_5x5_prize_pseudospiral,
          minmay_the_grid_square_5x5_moneybag,
          minmay_the_grid_square_5x5_broken_cross,
          minmay_the_grid_square_5x5_prize_rear_guard,
          minmay_the_grid_square_5x5_prize_open,
          minmay_the_grid_square_5x5_inner_z,
          minmay_the_grid_square_5x5_gyroscope,
          minmay_the_grid_square_5x5_two_small, minmay_the_grid_square_5x5_v,
          minmay_the_grid_square_5x5_two], layout_long_grid,
          gauntlet_entry_generic, nrook_mini_vaults
D:12:     layout_stronghold, zombieorc2_lemuel, basic_altar, uniq_jorgrun

Skill      XL: |  1  2  3  4  5  6  7  8  9 10 11 12 |
---------------+-------------------------------------+-----
Invocations    | 1 2 3 4 5 6 7 8 |  8.0
Long Blades    | 1 2 3 4 5 6 7 |  7.3
Axes           | 1 2 3 4 5 6 7 |  7.3
Maces & Flails | 1 2 3 4 5 6 7 |  7.3
Polearms       | 1 2 3 4 5 6 7 |  7.3
Staves         | 1 2 3 4 5 6 7 |  7.3
Slings         | 1 2 3 4 5 6 7 |  7.3
Bows           | 1 2 3 4 5 6 7 |  7.3
Crossbows      | 1 2 3 4 5 6 7 |  7.3
Throwing       | 1 2 3 4 5 6 7 |  7.3
Dodging        | 1 2 3 4 5 6 7 |  7.3
Stealth        | 1 2 3 4 5 6 7 |  7.3
Unarmed Combat | 1 2 3 4 5 6 7 |  7.3
Spellcasting   | 1 2 3 4 5 6 7 |  7.3
Evocations     | 1 2 3 4 5 6 7 |  7.3
Conjurations   | 1 2 3 4 5 6 |  6.1
Hexes          | 1 2 3 4 5 6 |  6.1
Charms         | 1 2 3 4 5 6 |  6.1
Summonings     | 1 2 3 4 5 6 |  6.1
Necromancy     | 1 2 3 4 5 6 |  6.1
Translocations | 1 2 3 4 5 6 |  6.1
Transmutations | 1 2 3 4 5 6 |  6.1
Fire Magic     | 1 2 3 4 5 6 |  6.1
Ice Magic      | 1 2 3 4 5 6 |  6.1
Air Magic      | 1 2 3 4 5 6 |  6.1
Earth Magic    | 1 2 3 4 5 6 |  6.1
Poison Magic   | 1 2 3 4 5 6 |  6.1
Short Blades   | 5 6 7 8 |  8.7
Fighting       | 7 8 9 |  9.9
Armour         | 7 8 9 |  9.9
Shields        | 7 8 9 |  9.9

Action                   |  1- 3 |  4- 6 |  7- 9 | 10-12 || total
-------------------------+-------+-------+-------+-------++-------
Melee: Rapier            |    75 |   181 |   360 |  1198 ||  1814
       Bite              |     6 |    15 |    38 |   147 ||   206
Invok: Curse Item        |     1 |       |     1 |       ||     2
Evoke: Wand              |       |     3 |     9 |    10 ||    22
  Use: Potion            |       |     1 |     1 |     7 ||     9
       Scroll            |       |       |    13 |    14 ||    27
 Stab: Paralysed         |       |       |    10 |     4 ||    14
       Invisible         |       |       |       |     6 ||     6
       Confused          |       |       |       |     2 ||     2
  Eat: Chunk             |       |     7 |    16 |    15 ||    38
       Ration            |       |       |       |     3 ||     3
Armor: Scale mail        |    25 |    48 |       |       ||    73
       Chain mail        |       |    39 |    79 |       ||   118
       Plate armour      |       |       |    34 |   363 ||   397
       Skin              |       |       |       |    18 ||    18
Dodge: Dodged            |    17 |    51 |    55 |   205 ||   328
Block: Kite shield       |    34 |    99 |   131 |   534 ||   798

Table legend:
 A = Non-vault XP
 B = Vault XP
 C = Vault XP percentage of total XP
 D = Non-vault monster count
 E = Vault monster count
 F = Vault count percentage of total count
                 A         B        C        D         E       F
            +---------+---------+-------+---------+---------+-------
      Total |    9917 |   17007 |  63.2 |     194 |      99 |  33.8
            +---------+---------+-------+---------+---------+-------
        D:1 |      43 |       0 |   0.0 |      22 |       0 |   0.0
        D:2 |      69 |      27 |  28.1 |      23 |       7 |  23.3
        D:3 |      77 |     431 |  84.8 |      22 |       7 |  24.1
        D:4 |     357 |     206 |  36.6 |      13 |      11 |  45.8
        D:5 |     185 |     315 |  63.0 |       9 |       3 |  25.0
        D:6 |     208 |       0 |   0.0 |       5 |       0 |   0.0
        D:7 |     580 |     625 |  51.9 |      12 |       2 |  14.3
        D:8 |     552 |    1543 |  73.7 |      13 |       4 |  23.5
        D:9 |    2444 |     136 |   5.3 |      35 |       2 |   5.4
       D:10 |     803 |    1718 |  68.1 |       7 |      12 |  63.2
       D:11 |    3185 |    5102 |  61.6 |      28 |      24 |  46.2
       D:12 |    1414 |       0 |   0.0 |       5 |       0 |   0.0
   Gauntlet |       0 |    6904 | 100.0 |       0 |      27 | 100.0
            +---------+---------+-------+---------+---------+-------
